 Dungeon Crawl Stone Soup version 5.2-4-g6121e92 (webtiles) character file.

173 tehllama the Cudgeler (level 7, -3/45 HPs)
             Began as a Skeleton Skald on Nov 28, 2017.
             Was a Follower of Sif Muna.
             Slain by Pikel
             ... wielding a +1 whip of flaming
              (4 damage)
             ... on level 4 of the Dungeon.
             The game lasted 00:05:52 (4056 turns).

tehllama the Cudgeler (Skeleton Skald)              Turns: 4056, Time: 00:05:54

Health: -3/45      AC:  3 (14%)Str: 13  XL:     7   Next: 8%
Magic:  7/7        EV: 12    Int: 12    God:    Sif Muna [1*[40]]
Gold:   159        SH:  0    Dex: 12    Spells: 4/10 levels left

rFire    . . .     SeeInvis .   i - +1 hand axe (flame)
rCold    + . .     Faith    .   (no shield)
rNeg     + + +     Spirit   .   b - +0 leather armour
rPois    ∞         Reflect  .   (no helmet)
rElec    .                      (no cloak)
rCorr    .                      (no gloves)
MR       .....                  (no boots)
Stlth    ++........             (no amulet)
Regen    0.2/turn               (no ring)
MPRegen  0.2/turn               (no ring)

@: no status effects
A: spooky, fear immunity, bone armour, cold resistance 1, negative energy
resistance 3, torment resistance, unbreathing
a: Stop Singing, End Infusion, Divine Energy, Renounce Religion


You were on level 4 of the Dungeon.
You worshipped Sif Muna.
Sif Muna was aware of your devotion.
You were not hungry.

You visited 1 branch of the dungeon, and saw 4 of its levels.

You collected 159 gold pieces.

Inventory:

Hand Weapons
 i - a +1 hand axe of flaming (weapon)
Missiles
 d - 777 stones (quivered)
Armour
 b - a +0 leather armour (worn)
Jewellery
 j - an uncursed amulet of faith
Scrolls
 c - 2 scrolls of fear
 f - a scroll of teleportation
 g - a scroll of blinking
 h - 2 scrolls of amnesia


   Skills:
 + Level 2.9 Fighting
 * Level 1.3(3.0) Axes
 - Level 4.3(4.4) Maces & Staves
 + Level 2.0 Armour
 + Level 2.2 Dodging
 + Level 1.3 Stealth
 - Level 2.0 Spellcasting
 + Level 4.2 Charms


You had 4 spell levels left.
You knew the following spells:

 Your Spells              Type           Power        Failure   Level  Hunger
a - Infusion              Chrm           11 (25)      6%          1    N/A
b - Song of Slaying       Chrm           11 (100)     10%         2    N/A
c - Regeneration          Chrm/Necr      6 (200)      41%         3    N/A

Dungeon Overview and Level Annotations

Branches:
Dungeon (4/15)

Altars:
Elyvilon
Gozag
Kikubaaqudgha
Makhleb
Okawaru
Qazlal
Sif Muna
Trog
Vehumet
Xom
Yredelemnul

Shops:
D:4 *

Annotations:
D:4 Dowan, Duvessa, Pikel


Innate Abilities, Weirdness & Mutations

You are spooky and scary.
You do not feel fear.
You gain temporary bone armour from killing.
You are immune to poison.
Your flesh is cold resistant. (rC+)
You are immune to negative energy. (rN+++)
You are immune to unholy pain and torment.
You can survive without breathing.


Message History

Pikel is lightly wounded.
Pikel misses you.
You closely miss Pikel.
Pikel is lightly wounded.
Pikel hits you with a +1 whip of flaming (6).
Pikel burns you (2).
You closely miss Pikel.
Pikel is lightly wounded.
Pikel hits you but does no damage.
You hit Pikel (2). You burn Pikel (1).
Pikel is lightly wounded.
Pikel hits you with a +1 whip of flaming (6).
* * * LOW HITPOINT WARNING * * *
Pikel burns you (1).
* * * LOW HITPOINT WARNING * * *
Pikel waves his whip at you.
Pikel hits you with a +1 whip of flaming (8)!
* * * LOW HITPOINT WARNING * * *
Pikel burns you (4).
You die...

#........#
#.....########
#.....##......
#....>........
#####...[###(#####
#........# #.#
#.####.......#
#.###...######
#@#≈≈...≈≈#
#K#≈..♣..≈###
#ep....(.....
#hp.♣._.♣.h.#
##...........
##≈..♣..p#
#≈≈...≈≈#
###...###
##.#..e.h


You could see Pikel, 2 slaves, Dowan and a hound.

Vanquished Creatures
  A slave (D:4)
  3 crimson imps (D:3)
  2 orc priests (D:3)
  2 hounds
  An orc wizard (D:4)
  A worker ant (D:3)
  A hound skeleton (D:4)
  A gnoll (D:3)
  7 adders
  A dart slug (D:1)
  7 orcs
  8 quokkas
  A giant cockroach (D:1)
  5 goblins
  10 hobgoblins
  9 kobolds
  3 ball pythons
  5 bats
  3 frilled lizards
  2 rats
73 creatures vanquished.

Vanquished Creatures (others)
  A quokka (D:4)
  A bat (D:2)
  A hobgoblin (D:2)
3 creatures vanquished.

Grand Total: 76 creatures vanquished

Notes
Turn   | Place    | Note
-------+----------+-------------------------------------------
     0 | D:1      | tehllama the Skeleton Skald began the quest for the Orb.
     0 | D:1      | Reached XP level 1. HP: 14/14 MP: 3/3
   228 | D:1      | Reached XP level 2. HP: 19/19 MP: 5/5
   655 | D:1      | Reached XP level 3. HP: 23/24 MP: 6/6
   660 | D:1      | Learned a level 2 spell: Song of Slaying
   977 | D:2      | Found an ancient bone altar of Kikubaaqudgha.
  1025 | D:2      | Found a radiant altar of Vehumet.
  1420 | D:2      | Found a basalt altar of Yredelemnul.
  1723 | D:2      | Found a burning altar of Makhleb.
  1794 | D:2      | Found a faded altar of an unknown god.
  1840 | D:2      | Found a deep blue altar of Sif Muna.
  1845 | D:2      | Reached XP level 4. HP: 29/29 MP: 1/4
  2034 | D:2      | Became a worshipper of Sif Muna the Loreminder
  2368 | D:3      | Found a shimmering altar of Xom.
  2487 | D:3      | Reached XP level 5. HP: 25/34 MP: 2/5
  2628 | D:3      | Reached skill level 1 in Armour
  2628 | D:3      | Reached skill level 1 in Dodging
  2688 | D:3      | Found an iron altar of Okawaru.
  2826 | D:3      | Reached skill level 1 in Stealth
  2867 | D:3      | Reached XP level 6. HP: 32/41 MP: 3/6
  3113 | D:3      | Found a bloodstained altar of Trog.
  3347 | D:3      | Reached * piety under Sif Muna
  3433 | D:3      | Found a stormy altar of Qazlal.
  3688 | D:3      | Learned a level 3 spell: Regeneration
  3799 | D:4      | Reached skill level 1 in Axes
  3799 | D:4      | Reached XP level 7. HP: 24/45 MP: 1/7
  3964 | D:4      | Found Gozag's Platinum Reserve.
  3965 | D:4      | Found an opulent altar of Gozag.
  4013 | D:4      | Found a white marble altar of Elyvilon.
  4029 | D:4      | Noticed Dowan
  4031 | D:4      | Noticed Duvessa
  4032 | D:4      | Noticed Pikel
  4056 | D:4      | HP: 1/45 [Pikel/+1 whip of flaming (8)]
  4056 | D:4      | Slain by Pikel

Skill      XL: |  1  2  3  4  5  6  7 |
---------------+----------------------+-----
Charms         | 3 4 |  4.2
Fighting       | 2 |  2.9
Maces & Staves | 3 4 |  4.3
Armour         | 1 2 |  2.0
Dodging        | 1 2 |  2.2
Stealth        | 1 |  1.3
Axes           | 1 |  1.3
Spellcasting   | |  2.0

Action                   |  1- 3 |  4- 6 |  7- 9 || total
-------------------------+-------+-------+-------++-------
Melee: Mace              |    98 |   105 |       ||   203
       Hand axe          |       |    39 |    28 ||    67
 Cast: Infusion          |     1 |       |       ||     1
       Song of Slaying   |     1 |       |       ||     1
 Stab: Sleeping          |       |     2 |       ||     2
Armor: Leather armour    |    25 |    43 |     4 ||    72
Dodge: Dodged            |    73 |    94 |    17 ||   184
Block: Other             |     2 |     5 |       ||     7
